 Dungeon Crawl Stone Soup version 0.27-a0-1191-g601b473118 (webtiles) character file.

Game seed: 8493587423360850920

491912 wakim the Warrior (level 25, 0/289 HPs)
             Began as a Djinni Venom Mage on May 23, 2021.
             Was a Follower of the Shining One.
             Slain by a vampire knight
             ... wielding a +0 great mace
             ... created by the anger of Yredelemnul
              (5 damage)
             ... on level 2 of the Depths.
             The game lasted 03:24:15 (69423 turns).

wakim the Warrior (Djinni Venom Mage)              Turns: 69423, Time: 03:24:16

Health: 0/289      AC: 16    Str: 17    XL:     25   Next: 99%
Gold:   2688       EV: 15    Int: 33    God:    the Shining One [*.....] SH:  0 Dex: 19

rFire    + + .     SeeInvis +     - Unarmed
rCold    . . .     Faith    .   (shield currently unavailable)
rNeg     + . .     Spirit   .   (armour currently unavailable)
rPois    ∞         Reflect  .   (helmet currently unavailable)
rElec    +         Harm     .   (cloak currently unavailable)
rCorr    +         Rampage  .   (gloves currently unavailable)
Will     +++++     Clarity  +   (boots unavailable)
Stlth    ++........             B - amulet of the Four Winds {rN+ Will+++ Clar}
HPRegen  0.58/turn              s - ring "Nor Xolu" {rElec rC+ Will+ rCorr}
MPRegen  0.00/turn              W - ring of Beusili {Drain rElec Int+6 Dex+3 SInv}

@: dragon-form, flying, glowing, studying Fighting
A: dragon claw, dragon scales, breathe fire, flying, boosted hp, sickness
immunity, giant, (fire resistance 2), (cold vulnerability 1), float, innate
caster, hp casting, extra vitality 1
}: 3/15 runes: serpentine, barnacled, silver
a: Breathe Fire, End Transformation, Renounce Religion


You were on level 2 of the Depths.
You worshipped the Shining One.
The Shining One was aware of your devotion.
You were a fearsome dragon!
You visited 9 branches of the dungeon, and saw 43 of its levels.
You also visited: Bailey and Volcano.

You collected 8406 gold pieces.
You spent 5718 gold pieces at shops.

Inventory:

Hand Weapons
 a - a +5 double sword of electrocution (melded)
 b - a +9 demon blade of flaming
 e - the +7 Singing Sword {vorpal, sonic wave}
   (You took it off a deep elf sorcerer on level 3 of the Elven Halls)

   It inflicts extra damage upon your enemies.
Missiles
 h - 2 curare-tipped darts {=f}
 j - 9 throwing nets {=f!f}
 p - 3 boomerangs of dispersal {=f!f}
 Q - 4 atropa-tipped darts
Armour
 d - a +2 pair of gloves of stealth (melded)
 f - quicksilver dragon scales
 i - a +0 troll leather armour (melded)
 k - a +1 helmet (melded)
 l - +0 gold dragon scales
 m - a +2 buckler of protection
 z - a +0 kite shield of reflection (melded)
 K - a +2 cloak of stealth (melded)
Jewellery
 c - the ring "Ymoogior" {rPois rF+ Dex+6}
   (You found it on level 3 of the Shoals)

   [ring of protection from fire]

   It affects your dexterity (+6).
   It protects you from fire.
   It protects you from poison.
 n - a ring of protection from cold
 q - a ring of wizardry
 s - the ring "Nor Xolu" (left foreclaw) {rElec rC+ Will+ rCorr}
   (You bought it in a shop on level 2 of the Orcish Mines)

   [ring of willpower]

   It protects you from cold.
   It insulates you from electricity.
   It protects you from acid and corrosion.
   It increases your willpower.
 u - a +6 ring of intelligence
 x - a ring of willpower
 B - the amulet of the Four Winds (around neck) {rN+ Will+++ Clar}
   (You bought it in a shop on level 2 of the Orcish Mines)

   [amulet of nothing]

   It protects you from negative energy.
   It protects you against confusion.
   It greatly increases your willpower.
 G - an amulet of regeneration
 P - a ring of positive energy
 W - the ring of Beusili (right foreclaw) {Drain rElec Int+6 Dex+3 SInv}
   (You bought it in a shop on level 2 of the Elven Halls)

   [ring of intelligence]

   It affects your intelligence (+6).
   It affects your dexterity (+3).
   It insulates you from electricity.
   It lets you see invisible.
   It drains your maximum health when unequipped.
Wands
 t - a wand of digging (21)
 v - a wand of flame (11)
 w - a wand of acid (37)
 y - a wand of paralysis (12)
Scrolls
 g - 11 scrolls of enchant armour
 o - 5 scrolls of torment {!r}
 r - 20 scrolls of identify
 R - 4 scrolls of magic mapping {!r}
 S - 2 scrolls of summoning
 T - 19 scrolls of teleportation
 U - 13 scrolls of fear
 V - 9 scrolls of vulnerability {!r!r}
 X - 5 scrolls of fog
 Y - 7 scrolls of blinking {!r}
 Z - 2 scrolls of silence {!r}
Potions
 A - 5 potions of ambrosia
 C - 6 potions of berserk rage {!q}
 D - 8 potions of brilliance
 E - 3 potions of cancellation
 F - 18 potions of curing
 H - 14 potions of haste
 I - 3 potions of invisibility
 J - 10 potions of heal wounds
 M - 10 potions of mutation {!q}
 N - 9 potions of might
 O - 2 potions of resistance


   Skills:
 + Level 20.0 Fighting
 * Level 10.2 Long Blades
 - Level 13.5 Armour
 + Level 18.1 Dodging
 - Level 5.0 Stealth
 + Level 13.5 Shields
 * Level 6.2 Unarmed Combat
 * Level 19.4 Spellcasting
 + Level 16.4 Invocations


You couldn't memorise any spells.
You knew the following spells:

 Your Spells              Type           Power      Damage    Failure   Level
a - Sting                 Tmut/Pois      100%       1d8       0%          1
b - Ignite Poison         Fire/Tmut/Pois 100%       N/A       0%          3
c - Foxfire               Conj/Fire      100%       2x1d9     0%          1
d - Summon Guardian Gole  Hex/Summ       100%       N/A       0%          3
e - Cause Fear            Hex            51%        N/A       0%          4
f - Mephitic Cloud        Conj/Pois/Air  100%       N/A       0%          3
g - Hydra Form            Tmut           51%        N/A       0%          5
h - Borgnjor's Vile Clut  Necr/Erth      51%        N/A       0%          5
i - Freezing Cloud        Conj/Ice/Air   51%        6-21      1%          6
j - Spellforged Servitor  Conj/Summ      51%        N/A       1%          7
k - Dragon Form           Tmut           51%        N/A       1%          7
l - Monstrous Menagerie   Summ           51%        N/A       1%          7
m - Summon Horrible Thin  Summ           51%        N/A       2%          8
n - Fire Storm            Conj/Fire      51%        8d13      36%         9
s - Slow                  Hex            100%       N/A       0%          2
x - Poisonous Vapours     Pois/Air       100%       N/A       0%          2
y - Olgreb's Toxic Radia  Pois           100%       N/A       0%          4
Your spell library was empty.

Dungeon Overview and Level Annotations

Branches:
Dungeon (15/15)            Temple (1/1) D:6            Lair (6/6) D:11
 Shoals (4/4) Lair:4        Snake (4/4) Lair:4        Slime (0/5) Lair:6
    Orc (2/2) D:12            Elf (3/3) Orc:2        Vaults (5/5) D:14
  Crypt (0/3) Vaults:2     Depths (3/5) D:15         Bailey (visited)
Volcano (visited)

Altars:
Ashenzari
Cheibriados
Dithmenos
Elyvilon
Fedhas
Gozag
Hepliaklqana
Kikubaaqudgha
Makhleb
Nemelex Xobeh
Okawaru
Qazlal
Ru
Sif Muna
Trog
Uskayaw
Vehumet
Wu Jian
Xom
Yredelemnul
Zin
The Shining One
Beogh
Jiyva

Shops:
D:5 **   D:11 *   D:12 *   D:13 *   D:15 (   Orc:2 [?[(=   Elf:1 *:
Elf:2 [!(=[   Shoals:1 (   Vaults:2 ?

Portals:
Hell: Depths:1 Depths:2 Depths:3
Abyss: Depths:2
Pandemonium: Depths:3
Ziggurat: Depths:3

Annotations:
Elf:2 1 runed translucent door
Depths:2 exclusion: door


Innate Abilities, Weirdness & Mutations

You are a fearsome dragon!
You have a powerful clawing attack.
Your giant scaled body is strong and resiliant, but less evasive.
You can breathe fire.
You are flying.
Your maximum health is greatly increased.
Your armour is entirely melded.
You are incapable of wielding weapons or throwing items.
You are immune to sickness and miasma.
You are immune to poison.
((Your flesh is very heat resistant. (rF++)))
((You are vulnerable to cold. (rC-)))
You float through the air rather than walking.
You learn spells naturally, not from books.
Your magical power is your life essence.
You have superior vitality. (+4 HP)


Message History

The vampire knight hits you with a +0 great mace!
* * * LOW HITPOINT WARNING * * *
The vampire knight closely misses you.
The vampire hits you but does no damage.
The vampire barely misses you.
You hit the vampire knight but do no damage.
The vampire knight is lightly damaged.
The vampire knight hits you but does no damage.
The vampire knight bites you but does no damage.
The vampire points at itself and mumbles some strange words.
The vampire flickers and vanishes for a moment.
Unknown command.
You maul the vampire!!!
You destroy the vampire!
That felt strangely unrewarding.
The vampire knight barely misses you. The vampire knight closely misses you.
The vampire knight completely misses you.
The vampire knight barely misses you.
You claw the vampire knight!
The vampire knight is moderately damaged.
The vampire knight hits you with a +0 great mace!!
* * * LOW HITPOINT WARNING * * *
The vampire knight bites you!
* * * LOW HITPOINT WARNING * * *
Okay, then.
You feel much better. The vampire knight closely misses you.
The vampire knight bites you!
* * * LOW HITPOINT WARNING * * *
You claw the vampire knight!
You tail-slap the vampire knight, but do no damage.
Your bite misses the vampire knight.
The vampire knight is heavily damaged.
The vampire knight hits you with a +0 great mace!!
* * * LOW HITPOINT WARNING * * *
The vampire knight bites you.
* * * LOW HITPOINT WARNING * * *
The vampire knight hits you with a +0 great mace!
* * * LOW HITPOINT WARNING * * *
The vampire knight bites you.
You die...

...........#......#...#..........
.....#.#..#..........#...........
.................................
...............................##
.)................#+#.....######.
........[........##.##[...#:##...
.....[..........##...#....#).....
...............##..#...#..#(##...
...............#DV###.[#..######.
....##...#....###..#...#.......##
.....#.......#..##...#...........
.................##.##..#.....###
#.#........#.#....#'#...#...###..
####..........##....^#.#....#....
##................##.....'....
##......>.........#.....#....
##....#.##...##.#.#......###..


You could see a vampire knight (fast, invisible).

Vanquished Creatures
  A juggernaut (shapeshifter) (Vaults:5)
  Saint Roka (Orc:2)
  A golden dragon (Vaults:4)
  2 bone dragons
  A tentacled monstrosity (Depths:3)
  Jorgrun (Shoals:2)
  Rupert (D:12)
  A lich (D:15)
  2 deep elf master archers (Elf:3)
  A deep elf blademaster (Elf:3)
  2 krakens
  Kirke (D:12)
  2 sphinxes
  3 shadow dragons (Vaults:5)
  2 nagarajas
  6 tengu reavers
  2 storm dragons (Vaults:5)
  7 deep elf sorcerers
  10 vault wardens
  A ghoul (D:14)
  9 frost giants
  A fire giant (Depths:1)
  2 orc warlords (Vaults:2)
  3 deep elf elementalists (Elf:3)
  13 ironbound preservers
  6 very ugly things
  3 spriggan defenders (Depths:3)
  12 stone giants
  2 war gargoyles
  An ophan (Depths:1)
  An apis (Depths:1)
  5 deep elf demonologists
  4 dire elephants
  2 vampire knights
  A minotaur (shapeshifter) (Vaults:5)
  An entropy weaver (Vaults:1)
  4 spark wasps (Depths:2)
  6 deep elf annihilators
  13 ettins
  8 deep elf death magi (Elf:3)
  6 merfolk impalers
  5 merfolk javelineers
  4 fire dragons
  5 deep elf high priests
  11 yaktaur captains
  3 ice dragons
  4 boulder beetles
  25 vault guards
  2 naga warriors
  4 great orbs of eyes
  2 ironbound thunderhulks
  A salamander tyrant (Snake:4)
  A rakshasa (Depths:3)
  A boulder beetle (shapeshifter) (Vaults:4)
  5 spriggan air magi
  2 catoblepae
  6 merfolk aquamancers
  13 centaur warriors
  7 hydras
  5 ironbound frosthearts
  3 merfolk avatars (Shoals:4)
  An ogre mage (Vaults:5)
  5 anacondas
  7 two-headed ogres
  4 dancing weapons
  A death knight (D:14)
  10 deep troll shamans
  4 satyrs
  5 deep troll earth magi
  4 ironbound beastmasters
  3 spriggan berserkers
  2 orc high priests (Orc:2)
  16 death yaks
  Sonja (D:12)
  Urug (D:11)
  6 tengu warriors
  3 naga sharpshooters
  5 shock serpents
  13 deep elf knights
  A storm dragon zombie (Depths:3)
  6 iron trolls
  2 fire crabs
  A skeletal warrior (Depths:2)
  2 flayed ghosts
  A golden dragon zombie (Depths:2)
  8 sea snakes
  A glowing orange brain (Depths:1)
  43 deep trolls
  6 naga ritualists
  Pikel (D:4)
  2 phantasmal warriors (Depths:2)
  12 deep elf archers
  9 ironbound convokers
  6 orc knights (Vaults:2)
  4 lindwurms
  31 deep elf pyromancers
  A shadow dragon skeleton (Vaults:3)
  5 necromancers
  12 wizards
  3 mana vipers
  A wolf spider (shapeshifter) (Depths:2)
  36 ugly things
  26 deep elf zephyrmancers
  5 harpies
  4 orc sorcerers
  11 cyclopes
  16 fauns
  A wolf spider (D:15)
  2 salamanders (Snake:3)
  13 manticores
  20 black mambas
  A guardian serpent (shapeshifter) (Depths:1)
  3 elephants (Lair:4)
  6 merfolk sirens
  A guardian serpent (Snake:3)
  7 water nymphs
  7 vault sentinels
  2 gargoyles (D:13)
  8 naga magi
  2 torpor snails
  14 cane toads
  Maggie (D:6)
  7 rime drakes
  An unseen horror (D:12)
  38 yaktaurs
  12 komodo dragons
  A tengu conjurer (D:14)
  An efreet (D:15)
  3 wind drakes
  A yaktaur skeleton (Vaults:3)
  4 trolls
  A polar bear (shapeshifter) (D:15)
  A queen bee (shapeshifter) (Vaults:5)
  6 polar bears
  26 merfolk
  9 slime creatures
  3 hornets
  3 blink frogs (Lair:5)
  13 snapping turtles
  A stone giant simulacrum (Depths:2)
  7 dream sheep
  A fire giant simulacrum (Vaults:2)
  5 vampires
  8 water elementals
  2 shadows
  24 yaks
  10 basilisks
  4 wyverns
  2 wraiths
  2 fire bats (Volcano)
  A basilisk (shapeshifter) (Elf:2)
  4 hogs (D:12)
  8 vampire mosquitoes
  2 fire elementals
  A steam dragon (Volcano)
  Edmund (D:4)
  An elf skeleton (Vaults:3)
  19 nagas
  Menkaure (D:4)
  An acid dragon (D:11)
  A warg (Orc:2)
  A floating eye (shapeshifter) (Depths:3)
  2 hell hounds (Volcano)
  Duvessa (D:7)
  16 water moccasins
  34 orc warriors
  An ice beast (D:6)
  3 black bears
  5 boggarts (Vaults:1)
  A necrophage (D:5)
  23 wolves
  6 ogres
  12 centaurs
  A kobold brigand (D:10)
  A human zombie (Vaults:3)
  Blork the orc (D:5)
  11 bullfrogs
  3 scorpions
  A human skeleton (Vaults:3)
  2 water moccasin skeletons
  Dowan (D:7)
  3 killer bees (D:8)
  5 wights
  4 electric eels (Lair:1)
  4 howler monkeys
  5 lava snakes (Lair:6)
  2 bullfrog zombies
  3 jellies
  5 centaur zombies
  A bullfrog skeleton (D:5)
  3 hounds
  A gnoll shaman (D:4)
  16 orc priests
  A centaur skeleton (D:7)
  Ijyb (D:5)
  3 iguanas (D:4)
  31 orc wizards
  Natasha (thrice) (D:3)
  2 killer bee zombies (D:6)
  A hound skeleton (D:4)
  A howler monkey zombie (D:9)
  21 gnolls
  10 adders
  3 white imps
  3 ufetubi
  An adder skeleton (D:5)
  4 dart slugs
  93 orcs
  2 bats (D:2)
  12 endoplasms
  2 giant cockroaches
  9 goblins
  12 hobgoblins
  3 jackals
  2 quokkas
  4 ball pythons
  A frilled lizard (D:2)
  33 kobolds
  6 rats
  A tentacle (Shoals:3)
1374 creatures vanquished.

Vanquished Creatures (collateral kills)
  A dread lich (Vaults:5)
  4 golden dragons
  A pearl dragon (Depths:1)
  3 tentacled monstrosities (Vaults:5)
  A deep elf blademaster (Elf:2)
  2 quicksilver dragons (Vaults:5)
  2 sphinxes (Vaults:4)
  The ghost of Ecilena the Fencer, an adept DsBe of Trog (Snake:3)
  Agnes (Snake:4)
  Frances (Elf:1)
  A storm dragon (Vaults:4)
  Donald (Shoals:2)
  A shadow dragon (Vaults:5)
  3 tengu reavers
  4 deep elf sorcerers (Elf:3)
  7 vault wardens
  Aizul (Snake:4)
  A frost giant (Vaults:5)
  3 nagarajas (Snake:4)
  A deep elf elementalist (Elf:3)
  Louise (Snake:4)
  A ghoul (Snake:4)
  2 war gargoyles
  2 stone giants (Vaults:5)
  3 ironbound preservers
  13 very ugly things
  A deep elf demonologist (Elf:3)
  3 dire elephants
  2 deep elf annihilators (Elf:3)
  Snorg (D:14)
  3 deep elf death magi
  2 merfolk impalers
  A deep elf high priest (Vaults:5)
  An ettin (Vaults:5)
  The ghost of Daviar the Frost Mage, a journeyman BaIE of Cheibriados (Lair:2)
  A yaktaur captain (Vaults:2)
  2 crystal guardians
  3 fire dragons
  An ice dragon (Depths:1)
  11 naga warriors
  4 great orbs of eyes
  A rakshasa (Depths:3)
  7 vault guards
  2 peacekeepers
  4 ironbound thunderhulks
  An alligator snapping turtle (Shoals:2)
  A hydra (D:11)
  A merfolk aquamancer (Shoals:1)
  An anaconda (shapeshifter) (Vaults:5)
  2 ironbound frosthearts
  4 anacondas
  2 centaur warriors (D:14)
  A two-headed ogre (D:13)
  A tengu warrior (D:15)
  26 dancing weapons
  2 ironbound beastmasters
  4 naga sharpshooters
  4 shock serpents
  10 deep elf knights
  An iron troll (Depths:1)
  The ghost of bmj180 the Thaumaturge, a novice DECj of Vehumet (D:9)
  3 salamander mystics (Snake:4)
  A shadow wraith (Vaults:5)
  5 skeletal warriors (D:14)
  12 deep trolls
  5 sea snakes
  2 flayed ghosts (Depths:2)
  4 ironbound convokers
  2 wizards
  3 naga ritualists
  2 deep elf archers (Elf:2)
  An orange crystal statue (Vaults:4)
  5 harpies
  A necromancer (Vaults:2)
  3 lindwurms (Vaults:2)
  A sphinx zombie (Vaults:4)
  5 deep elf zephyrmancers
  A phantasmal warrior (Vaults:5)
  4 deep elf pyromancers
  A tengu zombie (Vaults:2)
  5 salamanders
  3 orc knights
  9 mana vipers
  A shadow dragon skeleton (Vaults:5)
  17 ugly things
  A manticore (shapeshifter) (D:13)
  A manticore (Shoals:4)
  2 fauns (Shoals:4)
  A fire giant zombie (Vaults:5)
  20 black mambas
  4 guardian serpents
  A rust devil (Depths:3)
  A gargoyle (D:13)
  A torpor snail (shapeshifter) (Vaults:5)
  7 vault sentinels
  5 naga magi
  2 cane toads (Lair:6)
  3 molten gargoyles (Lair:6)
  4 komodo dragons
  9 yaktaurs
  A rime drake (Lair:6)
  2 human skeletons
  A troll (D:9)
  A polar bear (Lair:6)
  18 slime creatures
  3 merfolk
  A spriggan zombie (Depths:2)
  A tengu simulacrum (Vaults:4)
  A human simulacrum (Vaults:5)
  3 air elementals
  3 wraiths (D:14)
  4 yaks (Lair:6)
  A basilisk (Lair:6)
  13 water elementals
  A wyvern (Lair:6)
  A vampire mosquito (D:13)
  A steam dragon (Lair:6)
  32 nagas
  2 wargs
  2 water moccasins
  3 hell hounds (Lair:6)
  An orc warrior (Orc:2)
  2 wolves (Lair:6)
  An ettin simulacrum (Vaults:2)
  5 earth elementals
  A bullfrog (Lair:4)
  A wyvern zombie (D:9)
  An ogre simulacrum (Vaults:4)
  An orc priest (D:13)
  An orc (Orc:2)
  A fungus (Lair:6)
  A plant (D:14)
444 creatures vanquished.

Vanquished Creatures (others)
  3 profane servitors (Vaults:5)
  2 bone dragons
  An ironbound preserver (Vaults:5)
  4 ghouls
  5 vampire knights
  A merfolk aquamancer (Shoals:1)
  9 skeletal warriors
  5 flayed ghosts
  6 phantasmal warriors
  A harpy (Vaults:5)
  A vault sentinel (Vaults:5)
  A freezing wraith (Vaults:5)
  11 flying skulls
  14 vampires
  A hell hound (Lair:6)
  5 wights
  A mummy (D:13)
  396 foxfires
  31 fungi
  286 plants
  7 tentacles
  11 toadstools (D:4)
  A withered plant (Shoals:2)
803 creatures vanquished.

Grand Total: 2621 creatures vanquished

Notes
Turn   | Place    | Note
-------+----------+-------------------------------------------
     0 | D:1      | wakim the Djinni Venom Mage began the quest for the Orb.
     0 | D:1      | Reached XP level 1. HP: 15/15 MP: 0/0
   444 | D:1      | Reached skill level 1 in Fighting
   444 | D:1      | Reached XP level 2. HP: 21/22 MP: 0/0
  1073 | D:2      | Reached XP level 3. HP: 18/27 MP: 0/0
  1073 | D:2      | Learned a level 1 spell: Foxfire
  1348 | D:2      | Reached skill level 2 in Fighting
  1364 | D:2      | Reached XP level 4. HP: 18/33 MP: 0/0
  2286 | D:2      | Reached XP level 5. HP: 36/40 MP: 0/0
  2286 | D:2      | Learned a level 2 spell: Slow
  2379 | D:2      | Reached skill level 3 in Fighting
  2656 | D:2      | Found a faded altar of an unknown god.
  3093 | D:3      | Found a bloodstained altar of Trog.
  3094 | D:3      | Found a shimmering altar of Xom.
  3098 | D:3      | Found an iron altar of Okawaru.
  3100 | D:3      | Found a glowing silver altar of Zin.
  3101 | D:3      | Found a burning altar of Makhleb.
  3107 | D:3      | Found a basalt altar of Yredelemnul.
  3107 | D:3      | Found a hide-covered altar of Uskayaw.
  3108 | D:3      | Noticed Natasha
  3111 | D:3      | Killed Natasha
  3124 | D:3      | Became a worshipper of Yredelemnul the Dark
  3370 | D:3      | Noticed Natasha
  3373 | D:3      | Killed Natasha
  3374 | D:3      | Reached XP level 6. HP: 38/46 MP: 0/0
  3503 | D:3      | Noticed Natasha
  3506 | D:3      | Killed Natasha
  3737 | D:3      | Reached skill level 4 in Fighting
  4073 | D:4      | Noticed Pikel
  4078 | D:4      | Killed Pikel
  4079 | D:4      | Reached skill level 5 in Fighting
  4079 | D:4      | Reached skill level 5 in Spellcasting
  4079 | D:4      | Reached XP level 7. HP: 38/55 MP: 0/0
  4079 | D:4      | Learned a level 3 spell: Summon Guardian Golem
  4079 | D:4      | Reached XP level 8. HP: 42/61 MP: 0/0
  4216 | D:4      | Noticed Menkaure
  4223 | D:4      | Killed Menkaure
  4224 | D:4      | Reached skill level 6 in Fighting
  4685 | D:4      | Noticed Edmund
  4688 | D:4      | Killed Edmund
  4929 | D:4      | Reached skill level 7 in Fighting
  5335 | D:4      | Reached XP level 9. HP: 64/68 MP: 0/0
  5335 | D:4      | Learned a level 4 spell: Cause Fear
  5433 | D:4      | Reached * piety under Yredelemnul
  5769 | D:5      | Entered Level 5 of the Dungeon
  5890 | D:5      | Found Smellean's Superlative Supplies.
  5895 | D:5      | Noticed Blork the orc
  5901 | D:5      | Killed Blork the orc
  6088 | D:5      | Found Sophazez's Assorted Antiques.
  6179 | D:5      | Found a blossoming altar of Fedhas.
  6260 | D:5      | Reached skill level 8 in Fighting
  6322 | D:5      | Noticed Ijyb
  6326 | D:5      | Killed Ijyb
  6877 | D:5      | Reached skill level 1 in Shields
  6954 | D:5      | Bought a scroll labelled BECVEBL KODWI for 24 gold pieces
  6954 | D:5      | Bought 2 scrolls labelled BECVEBL KODWI for 48 gold pieces
  7295 | D:6      | Found a hazy altar of Hepliaklqana.
  7517 | D:6      | Noticed a hornet
  7521 | D:6      | Killed a hornet
  7589 | D:6      | Noticed Maggie
  7946 | D:7      | Noticed Dowan
  7946 | D:7      | Noticed Duvessa
  7950 | D:7      | Killed Dowan
  7951 | D:7      | Reached XP level 10. HP: 61/77 MP: 0/0
  7953 | D:7      | Killed Duvessa
  8438 | D:7      | Found a stormy altar of Qazlal.
  8854 | D:7      | Found an ornate altar of the Wu Jian Council.
  8975 | D:8      | Reached ** piety under Yredelemnul
  9111 | D:8      | Reached skill level 9 in Fighting
 10284 | D:8      | Found a glowing golden altar of the Shining One.
 10442 | D:9      | Found a runed translucent gate.
 10443 | D:9      | Found a runed translucent gate.
 10443 | D:9      | Found a runed translucent gate.
 10445 | D:9      | Noticed bmj180's ghost (novice DECj)
 11133 | D:9      | Identified the amulet "Tist" {Spirit Str+6 Int+3}
 11712 | D:10     | Entered Level 10 of the Dungeon
 11995 | D:5      | Bought a ring of see invisible for 180 gold pieces
 12119 | D:6      | Killed Maggie
 12627 | D:6      | Found a staircase to the Ecumenical Temple.
 12649 | Temple   | Entered the Ecumenical Temple
 13075 | D:10     | Reached XP level 11. HP: 77/84 MP: 0/0
 13075 | D:10     | Learned a level 5 spell: Hydra Form
 13347 | D:10     | Reached skill level 5 in Dodging
 13926 | D:11     | Noticed a six-headed hydra
 14330 | D:11     | Found a staircase to the Lair.
 14571 | D:11     | Noticed a two-headed ogre
 14580 | D:11     | Killed a two-headed ogre
 14581 | D:11     | Reached skill level 10 in Fighting
 14784 | D:11     | Noticed Urug
 14788 | D:11     | Killed Urug
 15301 | D:11     | Noticed a two-headed ogre
 15305 | D:11     | Killed a two-headed ogre
 16179 | D:12     | Noticed a cyclops
 16412 | D:12     | Killed a cyclops
 16413 | D:12     | Reached skill level 10 in Spellcasting
 16485 | D:12     | Found Cottigun's General Store.
 16492 | D:12     | Noticed a cyclops
 16496 | D:12     | Killed a cyclops
 16500 | D:12     | Noticed a two-headed ogre
 16505 | D:12     | Killed a two-headed ogre
 16567 | D:12     | Noticed Rupert
 16567 | D:12     | Paralysed by Rupert for 3 turns
 16577 | D:12     | Killed Rupert
 16578 | D:12     | Reached XP level 12. HP: 75/93 MP: 0/0
 16838 | D:12     | Noticed a two-headed ogre
 16840 | D:12     | Reached skill level 11 in Fighting
 16842 | D:12     | Killed a two-headed ogre
 16994 | D:12     | Noticed a two-headed ogre
 16998 | D:12     | Killed a two-headed ogre
 17068 | D:12     | Noticed Kirke
 17072 | D:12     | Reached *** piety under Yredelemnul
 17075 | D:12     | Killed Kirke
 17667 | D:12     | Noticed Sonja
 17672 | D:12     | Found a staircase to the Orcish Mines.
 17674 | D:12     | Killed Sonja
 17675 | D:12     | Reached XP level 13. HP: 56/100 MP: 0/0
 17675 | D:12     | Learned a level 5 spell: Borgnjor's Vile Clutch
 18196 | Orc:1    | Entered Level 1 of the Orcish Mines
 18359 | Orc:1    | You are sucked into a shaft and drop 1 floor!
 18359 | Orc:2    | Entered Level 2 of the Orcish Mines
 18359 | Orc:2    | Found Ammaps's Magic Scroll Boutique.
 18442 | Orc:1    | Reached **** piety under Yredelemnul
 18726 | Orc:1    | Found a shimmering altar of Xom.
 18732 | Orc:1    | Reached skill level 12 in Fighting
 19051 | Orc:2    | Found a staircase to the Elven Halls.
 19065 | Orc:2    | Received a gift from Yredelemnul (5 flying skulls)
 19672 | Orc:2    | Reached skill level 1 in Invocations
 19719 | Orc:2    | Found Diwofruwk's Antique Armour Shoppe.
 19955 | Orc:2    | Received a gift from Yredelemnul (4 flying skulls)
 20610 | Orc:2    | Found Ocsydisk's Jewellery Emporium.
 20745 | Orc:2    | Received a gift from Yredelemnul (a mummy)
 20754 | Orc:2    | Noticed Saint Roka
 20767 | Orc:2    | Killed Saint Roka
 21033 | Orc:2    | Found Illo's Antique Weapon Shoppe.
 21040 | Orc:2    | Found Tuddaoxt's Antique Armour Emporium.
 21307 | Orc:2    | Bought the amulet of the Four Winds {rN+ Will+++ Clar} for
                  | 658 gold pieces
 21307 | Orc:2    | Found the amulet of the Four Winds {rN+ Will+++ Clar}
 21477 | Orc:2    | Received a gift from Yredelemnul (a wight)
 21837 | D:11     | Killed a six-headed hydra
 21982 | Elf:1    | Entered Level 1 of the Elven Halls
 21988 | Elf:1    | Reached XP level 14. HP: 93/108 MP: 0/0
 22078 | Elf:1    | Received a gift from Yredelemnul (a wight)
 22312 | Elf:1    | Found Unubboba's Book Boutique.
 22556 | Elf:1    | Reached skill level 5 in Invocations
 22568 | Elf:1    | Reached skill level 13 in Fighting
 23361 | D:13     | Found a flagged portal.
 23377 | Bailey   | Entered a bailey
 23385 | Bailey   | Received a gift from Yredelemnul (a vampire)
 23739 | D:13     | Found Kukkimeekk's Pet Rocks.
 23760 | D:13     | Received a gift from Yredelemnul (a phantasmal warrior)
 23859 | D:13     | Identified a scroll of acquirement
 23859 | D:13     | Acquired 381 gold pieces
 24614 | D:13     | Received a gift from Yredelemnul (a wight)
 25743 | Lair:1   | Entered Level 1 of the Lair of Beasts
 27011 | Lair:1   | Reached ***** piety under Yredelemnul
 27489 | Lair:2   | Reached XP level 15. HP: 98/116 MP: 0/0
 27489 | Lair:2   | Learned a level 6 spell: Freezing Cloud
 27495 | Lair:2   | Received a gift from Yredelemnul (a vampire)
 27745 | Lair:2   | Found a large runed translucent door.
 27745 | Lair:2   | Found a large runed translucent door.
 27750 | Lair:2   | Noticed Daviar's ghost (journeyman BaIE)
 27776 | Lair:2   | Killed Daviar's ghost
 29377 | Lair:3   | Received a gift from Yredelemnul (a phantasmal warrior)
 30093 | Lair:4   | Received a gift from Yredelemnul (2 flying skulls)
 30095 | Lair:4   | Reached skill level 14 in Fighting
 30107 | Lair:4   | Found a staircase to the Shoals.
 30489 | Lair:4   | You are sucked into a shaft and drop 1 floor!
 30712 | Lair:4   | Received a gift from Yredelemnul (a skeletal warrior)
 30957 | Lair:4   | Found a staircase to the Snake Pit.
 31905 | D:5      | Bought a manual of Spellcasting for 1324 gold pieces
 32151 | Lair:5   | You are sucked into a shaft and drop 1 floor!
 32151 | Lair:6   | Entered Level 6 of the Lair of Beasts
 32155 | Lair:6   | Received a gift from Yredelemnul (a vampire)
 32371 | Lair:6   | Found a viscous altar of Jiyva.
 32371 | Lair:6   | Found a staircase to the Slime Pits.
 32449 | Lair:6   | Found a dark tunnel.
 32713 | Volcano  | Entered a volcano
 32786 | Volcano  | Reached skill level 15 in Spellcasting
 32856 | Volcano  | Identified the +8 short sword "Herenib" {flame, rF- Int+7
                  | Dex+2 Stlth+}
 33210 | Lair:6   | Reached XP level 16. HP: 117/124 MP: 0/0
 33288 | Lair:6   | Received a gift from Yredelemnul (a skeletal warrior)
 33892 | Lair:6   | Found a large runed translucent door.
 33892 | Lair:6   | Found a large runed translucent door.
 33962 | Lair:6   | Received a gift from Yredelemnul (a ghoul)
 35915 | D:9      | Received a gift from Yredelemnul (a ghoul)
 35922 | D:9      | Killed bmj180's ghost
 36238 | Orc:2    | Bought the ring "Nor Xolu" {rElec rC+ Will+ rCorr} for 774
                  | gold pieces
 36356 | D:14     | Noticed Snorg
 36365 | D:14     | Killed Snorg
 36873 | D:14     | Found a gate to the Vaults.
 36878 | D:14     | Reached skill level 10 in Dodging
 37025 | D:15     | Entered Level 15 of the Dungeon
 37316 | D:15     | Found a staircase to the Depths.
 37889 | D:15     | Found Vonab's Antique Weapon Shop.
 37942 | D:15     | Reached ****** piety under Yredelemnul
 38403 | Depths:1 | Entered Level 1 of the Depths
 38411 | Depths:1 | Noticed a frost giant
 38415 | Depths:1 | Reached skill level 1 in Armour
 38418 | Depths:1 | Reached skill level 15 in Fighting
 38491 | Depths:1 | Reached XP level 17. HP: 66/131 MP: 0/0
 38491 | Depths:1 | Learned a level 7 spell: Spellforged Servitor
 38496 | Depths:1 | Noticed a lich
 38901 | Shoals:1 | Entered Level 1 of the Shoals
 39316 | Shoals:1 | Received a gift from Yredelemnul (a skeletal warrior)
 39767 | Shoals:1 | Found Fyes's Weapon Boutique.
 40128 | Shoals:2 | Received a gift from Yredelemnul (a vampire)
 40294 | Shoals:2 | Received a gift from Yredelemnul (a vampire)
 40509 | Shoals:2 | Noticed a kraken
 40519 | Shoals:2 | Killed a kraken
 40544 | Shoals:2 | Noticed Jorgrun
 40546 | Shoals:2 | Noticed Donald
 40548 | Shoals:2 | Reached skill level 10 in Invocations
 40555 | Shoals:2 | Killed Jorgrun
 40556 | Shoals:2 | Reached skill level 5 in Armour
 40556 | Shoals:2 | Killed Donald
 41194 | Shoals:3 | Received a gift from Yredelemnul (a vampire)
 41252 | Shoals:3 | Identified the ring "Ymoogior" {rPois rF+ Dex+6}
 41579 | Shoals:3 | Received a gift from Yredelemnul (a phantasmal warrior)
 41580 | Shoals:3 | Reached skill level 5 in Shields
 41618 | Shoals:3 | Noticed a kraken
 41638 | Shoals:3 | Killed a kraken
 42009 | Shoals:4 | Entered Level 4 of the Shoals
 42015 | Shoals:4 | Reached XP level 18. HP: 131/138 MP: 0/0
 42288 | Shoals:4 | Received a gift from Yredelemnul (a profane servitor)
 42778 | Shoals:4 | Received a gift from Yredelemnul (a vampire)
 42917 | Shoals:4 | Got a barnacled rune of Zot
 43597 | Snake:1  | Entered Level 1 of the Snake Pit
 43631 | Snake:1  | Received a gift from Yredelemnul (a bone dragon)
 43867 | Snake:1  | Reached skill level 16 in Fighting
 43868 | Snake:1  | Reached skill level 1 in Long Blades
 45210 | Snake:2  | Received a gift from Yredelemnul (a bone dragon)
 45310 | Snake:2  | Identified the +0 ring mail of Umizy {rN+}
 45756 | Snake:3  | Received a gift from Yredelemnul (a skeletal warrior)
 45761 | Snake:3  | Reached XP level 19. HP: 71/145 MP: 0/0
 45761 | Snake:3  | Learned a level 7 spell: Dragon Form
 45766 | Snake:3  | Received a gift from Yredelemnul (a skeletal warrior)
 46036 | Snake:3  | Received a gift from Yredelemnul (a phantasmal warrior)
 46163 | Snake:3  | Found a transporter.
 46170 | Snake:3  | Noticed Ecilena's ghost (adept DsBe)
 46222 | Snake:3  | Received a gift from Yredelemnul (a skeletal warrior)
 46402 | Snake:3  | Found a transporter.
 46649 | Snake:4  | Entered Level 4 of the Snake Pit
 46931 | Snake:4  | Received a gift from Yredelemnul (a ghoul)
 47501 | Snake:4  | Killed Agnes
 47790 | Snake:4  | Noticed Aizul
 47792 | Snake:4  | Noticed Louise
 47796 | Snake:4  | Killed Aizul
 47800 | Snake:4  | Killed Louise
 47802 | Snake:4  | Received a gift from Yredelemnul (a vampire knight)
 47977 | Snake:4  | Received a gift from Yredelemnul (a phantasmal warrior)
 48020 | Snake:4  | Reached skill level 1 in Unarmed Combat
 48159 | Snake:4  | Got a serpentine rune of Zot
 48402 | Snake:3  | Received a gift from Yredelemnul (a vampire knight)
 48410 | Snake:3  | Killed Ecilena's ghost
 48411 | Snake:3  | Reached skill level 5 in Long Blades
 48872 | Elf:1    | Found Hiec's General Store.
 48887 | Elf:1    | Bought a potion of heal wounds for 80 gold pieces
 49116 | Elf:1    | Noticed Frances
 49121 | Elf:1    | Killed Frances
 49597 | Elf:2    | Received a gift from Yredelemnul (a vampire knight)
 49604 | Elf:2    | Found Ikiniqah's Jewellery Shoppe.
 49635 | Elf:2    | Reached XP level 20. HP: 153/153 MP: 0/0
 49650 | Elf:2    | Found Ric Fole's Antique Weapon Shoppe.
 49913 | Elf:2    | Received a gift from Yredelemnul (a skeletal warrior)
 49980 | Elf:2    | Found Mahahuqu's Distillery.
 50254 | Elf:2    | Received a gift from Yredelemnul (a profane servitor)
 50261 | Elf:2    | Found a runed translucent door.
 50486 | Elf:2    | Found a runed translucent door.
 50528 | Elf:2    | Found Corev's Antique Armour Shop.
 50909 | Elf:2    | Received a gift from Yredelemnul (a vampire)
 51060 | Elf:2    | Found Rasaoch's Antique Armour Shoppe.
 51104 | Elf:3    | Entered Level 3 of the Elven Halls
 51147 | Elf:3    | Received a gift from Yredelemnul (a ghoul)
 51219 | Elf:3    | Noticed a Brimstone Fiend
 51220 | Elf:3    | Reached skill level 5 in Unarmed Combat
 51253 | Elf:3    | Received a gift from Yredelemnul (a vampire)
 51261 | Elf:3    | Reached skill level 17 in Fighting
 51261 | Elf:3    | Reached skill level 10 in Shields
 51270 | Elf:3    | Reached XP level 21. HP: 125/160 MP: 0/0
 51270 | Elf:3    | Learned a level 7 spell: Monstrous Menagerie
 51282 | Elf:3    | Identified the +0 leather armour of the Everdark {Will+}
 51290 | Elf:3    | Received a gift from Yredelemnul (a ghoul)
 51306 | Elf:3    | Identified the +6 short sword of Symmetry {antimagic, rF+
                  | rN+}
 51328 | Elf:3    | Identified the +3 battleaxe "Wuci" {spect, rC+ Str+6}
 51328 | Elf:3    | Identified the ring of Janonuh {rPois Str+2 Slay+3}
 51699 | Elf:3    | Identified the ring "Pietwul" {*Slow rN+ Will+ rCorr
                  | Stlth+}
 51750 | Elf:3    | Found the +10 Black Knight's barding {ponderous, rPois rN+}
 51762 | Elf:3    | Acquired 784 gold pieces
 52772 | Vaults:1 | Entered Level 1 of the Vaults
 52795 | Vaults:1 | Received a gift from Yredelemnul (a vampire)
 52869 | Vaults:1 | Received a gift from Yredelemnul (a skeletal warrior)
 53287 | Vaults:1 | Acquired a manual of Invocations
 54077 | Vaults:1 | Received a gift from Yredelemnul (a phantasmal warrior)
 54305 | Vaults:2 | Received a gift from Yredelemnul (a ghoul)
 54565 | Vaults:2 | Reached skill level 10 in Armour
 54675 | Vaults:2 | Reached XP level 22. HP: 143/167 MP: 0/0
 54678 | Vaults:2 | Reached skill level 15 in Dodging
 55147 | Orc:2    | Bought an encrusted leather armour for 154 gold pieces
 55147 | Orc:2    | Identified the +3 leather armour of Daffodils {Int+9} (You
                  | bought it in a shop on level 2 of the Orcish Mines)
 55233 | Elf:2    | Bought an embroidered cloak for 300 gold pieces
 55255 | Elf:2    | Bought the ring of Beusili {Drain rElec Int+6 Dex+3 SInv}
                  | for 928 gold pieces
 55467 | Vaults:2 | Noticed a bone dragon
 55469 | Vaults:2 | Found a staircase to the Crypt.
 55476 | Vaults:2 | Killed a bone dragon
 56114 | Vaults:2 | Found Ehud's Magic Scroll Shop.
 56140 | Vaults:2 | Bought a scroll of teleportation for 60 gold pieces
 56140 | Vaults:2 | Bought a scroll of blinking for 150 gold pieces
 56140 | Vaults:2 | Bought a scroll of teleportation for 60 gold pieces
 56257 | Vaults:2 | Received a gift from Yredelemnul (a flayed ghost)
 56429 | Vaults:2 | Reached skill level 5 in Stealth
 56618 | Vaults:3 | Acquired a +2 vampiric demon blade
 56627 | Vaults:3 | You are sucked into a shaft and drop 1 floor!
 56984 | Vaults:4 | Reached skill level 18 in Fighting
 57001 | Vaults:4 | Received a gift from Yredelemnul (a skeletal warrior)
 57001 | Vaults:4 | Received a gift from Yredelemnul (a vampire knight)
 57013 | Vaults:4 | Reached XP level 23. HP: 104/175 MP: 0/0
 57013 | Vaults:4 | Learned a level 8 spell: Summon Horrible Things
 57294 | Vaults:4 | Received a gift from Yredelemnul (a flayed ghost)
 58436 | Vaults:3 | Received a gift from Yredelemnul (a vampire knight)
 58974 | D:13     | Bought a wand of digging (4) for 272 gold pieces
 58974 | D:13     | Bought a wand of digging (5) for 306 gold pieces
 59292 | Vaults:4 | Noticed a golden dragon
 59297 | Vaults:4 | Killed a golden dragon
 60157 | Vaults:5 | Entered Level 5 of the Vaults
 60157 | Vaults:5 | Noticed a golden dragon
 60164 | Vaults:5 | Killed a golden dragon
 60165 | Vaults:5 | Noticed a golden dragon
 60167 | Vaults:5 | Noticed a dread lich
 60314 | Vaults:4 | Killed a golden dragon
 60422 | Vaults:5 | Noticed a golden dragon
 60428 | Vaults:4 | Received a gift from Yredelemnul (a profane servitor)
 60641 | Vaults:5 | Killed a dread lich
 60889 | Vaults:5 | Reached XP level 24. HP: 181/183 MP: 0/0
 61023 | Vaults:5 | Killed a golden dragon
 61035 | Vaults:5 | Noticed a golden dragon
 61037 | Vaults:5 | Received a gift from Yredelemnul (a vampire)
 61040 | Vaults:5 | Noticed a dread lich
 61044 | Vaults:5 | Killed a golden dragon
 61046 | Vaults:5 | Banished a dread lich
 61243 | Vaults:5 | Noticed a juggernaut
 61246 | Vaults:5 | a juggernaut changed into a titan
 61247 | Vaults:5 | Noticed a shard shrike
 61247 | Vaults:5 | a titan changed into a shard shrike
 61248 | Vaults:5 | Noticed a juggernaut
 61248 | Vaults:5 | a shard shrike changed into a juggernaut
 61249 | Vaults:5 | Received a gift from Yredelemnul (a vampire)
 61252 | Vaults:5 | Killed a juggernaut
 61253 | Vaults:5 | Reached skill level 19 in Fighting
 61253 | Vaults:5 | Reached skill level 15 in Invocations
 61609 | Vaults:5 | Identified the +1 robe of Gravitas {rPois Int+5}
 61623 | Vaults:5 | Identified the +0 robe of Cyla {-Cast rPois Will++ Dex+2}
 62223 | Vaults:5 | Got a silver rune of Zot
 63518 | Depths:1 | Found a gateway to Hell.
 63924 | Depths:1 | Reached XP level 25. HP: 170/191 MP: 0/0
 63924 | Depths:1 | Learned a level 9 spell: Fire Storm
 64281 | Depths:1 | Received a gift from Yredelemnul (a flayed ghost)
 64486 | Depths:1 | Received a gift from Yredelemnul (a flayed ghost)
 64692 | Depths:1 | Found a glowing silver altar of Zin.
 64692 | Depths:1 | Found a white marble altar of Elyvilon.
 64692 | Depths:1 | Found a glowing golden altar of the Shining One.
 64729 | Depths:1 | Acquired a +2 cloak of stealth
 65241 | Depths:2 | Found a one-way gate to the infinite horrors of the Abyss.
 65285 | Depths:2 | Found a hide-covered altar of Uskayaw.
 65350 | Depths:2 | Received a gift from Yredelemnul (a vampire)
 66532 | Depths:2 | Received a gift from Yredelemnul (a flayed ghost)
 67017 | Depths:2 | Received a gift from Yredelemnul (a bone dragon)
 67221 | Depths:2 | Acquired a manual of Fighting
 67325 | Depths:2 | Identified the +10 hand axe of Gin and Tonic {venom, rPois}
 67361 | Depths:2 | Identified the +1 war axe "Enwaq" {vorpal, Will+ Stlth+}
 67669 | Depths:3 | Received a gift from Yredelemnul (a vampire)
 67989 | Vaults:2 | Bought a scroll of brand weapon for 400 gold pieces
 68312 | Depths:1 | Fell from the grace of Yredelemnul
 68312 | Depths:1 | Became a worshipper of the Shining One
 68584 | Depths:3 | Found a one-way gate leading to the halls of Pandemonium.
 68613 | Depths:3 | Reached skill level 10 in Long Blades
 68667 | Depths:3 | Found a gateway to a ziggurat.
 68729 | Depths:3 | Reached skill level 20 in Fighting
 68910 | Depths:3 | Reached * piety under the Shining One
 69379 | Depths:3 | Identified the +12 hand axe "Ribbeuhi" {vorpal, +Rage rC+
                  | Dex+3}
 69423 | Depths:2 | HP: 5/289 [vampire knight/+0 great mace[the anger of
                  | Yredelemnul] (13)]
 69423 | Depths:2 | Slain by a vampire knight

Illustrated notes

Levels and vault maps discovered:
D:1:      minmay_arrival_open_corners, layout_basic
D:2:      layout_loops_ring, shapermc_ecumenical_altar_flowoftime
D:3:      layout_basic, grunt_temple_overflow_open, minmay_statues_item,
          uniq_natasha
D:4:      cheibrodos_fertilizer, layout_loops_ring, uniq_edmund, uniq_menkaure,
          uniq_pikel
D:5:      layout_rooms, fedhas_altar_4, serial_shops,
          nicolae_shop_window_shopping, nicolae_alphabet_shops,
          corexii_hall_statues_x, uniq_blork_the_orc, uniq_ijyb
D:6:      layout_cave_pools, lemuel_tele_altar,
          minmay_temple_entry_glassed_door, uniq_maggie
D:7:      layout_cave_pools, nicolae_wu_jian_immortal_techniques,
          marbit_many_paths, uniq_duvessa
D:8:      layout_cave_pods, tso_oasis_becter, hangedman_glass_teeth
D:9:      layout_basic, gammafunk_ghost_split
D:10:     layout_stronghold
D:11:     layout_stronghold, lair_entry_dummy, serial_column_ruins,
          column_ruins_grid_5, column_ruins_corridor_corner,
          column_ruins_columns_dead_end, column_ruins_columns_dead_end,
          gauntlet_entry_generic, uniq_urug
D:12:     layout_small_grid, erik_orc_3, serial_shops, shop_statue, uniq_sonja,
          uniq_rupert, uniq_kirke
D:13:     layout_grid_maze, enter_bailey_7, guppyfry_shop_earth
D:14:     layout_rooms, david_vaults_1, lemuel_crystal_altar, kennysheep_boxes,
          uniq_snorg
D:15:     hangedman_depths_entry_try_elsewhere_first, layout_basic,
          grunt_decor_resistance, serial_shops, nicolae_shop_trees
Temple:   nicolae_temple_figure_zero
Lair:1:   layout_gridlike, minivault_24, beast_lair_carwin_8, lemuel_fruit_tree
Lair:2:   layout_hall_layers, ebering_ghost_disaster_area, grunt_megastairs_3
Lair:3:   layout_gridlike
Lair:4:   layout_hall_layers, minmay_shoals_entry_centaurs,
          minmay_snake_entry_guardpost_small, infiniplex_staircase_pool
Lair:5:   layout_hall_layers, infiniplex_staircase_pool_2
Lair:6:   cheibrodos_lair_end_hotspot, layout_misc_corridors, slime_altar_1,
          enter_volcano_2, chequers_serial_rivers_micro_c
Shoals:1: layout_shoals, serial_shops, nicolae_shop_behind_doors
Shoals:2: layout_shoals, argonaut_gorgonesque, uniq_donald, uniq_jorgrun
Shoals:3: nicolae_shoals_island_circles, layout_shoals,
          nicolae_shoals_kraken_intersection
Shoals:4: shoals_end_grunt_garden, layout_shoals, nicolae_shoals_water_shrine
Snake:1:  layout_layer_cave
Snake:2:  layout_misc_corridors, drop_trap
Snake:3:  layout_rooms, gammafunk_ghost_arena
Snake:4:  minmay_snake_end_coiled, layout_misc_corridors,
          nicolae_snake_single_loop, uniq_aizul, uniq_louise, uniq_agnes
Orc:1:    layout_diamond_mine, basic_altar
Orc:2:    grunt_orc_community_town_hall, layout_caves,
          grunt_orc_community_big_house_2, grunt_orc_community_big_house_1,
          grunt_orc_community_house_3, grunt_orc_community_house_1,
          grunt_orc_community_house_2, grunt_orc_community_house_3,
          grunt_orc_community_house_2, grunt_orc_community_house_2,
          serial_shops, shop
Elf:1:    eino_elf_arrival_the_gate, layout_gridlike, serial_shops,
          nicolae_shop_stone, nicolae_shop_waterfront, minmay_elf_annihilation,
          uniq_frances
Elf:2:    layout_loops_corners, serial_shops, shop_fountains,
          nicolae_shop_behind_doors, nicolae_shop_stone, shop, shop
Elf:3:    minmay_elf_hall_spiked, layout_gridlike
Vaults:1: v_alt_pattern_5, v_rooms_4, vaults_room_stairs_pillars,
          layout_vaults_omnigrid
Vaults:2: minmay_crypt_entry_nasty_monster, kb_rosetta,
          nicolae_vaults_network_s, ontoclasm_vaults_spin,
          nicolae_vaults_diagonal_hallway_6, v_misc_14, grunt_vaults_swirl,
          hangedman_vaults_slither, nicolae_vaults_little_squares_4, v_misc_3,
          serial_ice_m, layout_vaults_maze, serial_shops, shop
Vaults:3: grunt_vaults_twisty, vaults_room_hallway, ontoclasm_vaults_idyll,
          grunt_vaults_funnel, nicolae_vaults_sealed_display, vaults_room_pools,
          v_misc_3, vaults_dpeg_diagonal, layout_vaults_omnicross
Vaults:4: nicolae_vaults_statue_guard, nicolae_vaults_windows_and_doors_thing,
          nicolae_vaults_little_ls, hangedman_vaults_nails,
          nicolae_vaults_hallways_thing, v_alt_pattern_6, v_alt_pattern_4,
          ontoclasm_vaults_decontamination, serial_ice_h,
          nicolae_vaults_ring_of_whatevers, grunt_vaults_hallway_short,
          layout_vaults_omnibox
Vaults:5: serial_shops
Depths:1: layout_gridlike, minmay_crystal_room, pf_hell_entry_great_geh,
          hallowed_hall, kennysheep_random_hallway
Depths:2: kennysheep_oblong_rooms, layout_cross, nicolae_uskayaw_dance_hall,
          abyss_entry, hell_entry, minislime_mu, infiniplex_staircase_diamond
Depths:3: hangedman_cross_cluster, layout_gridville, enter_ziggurat_c,
          hangedman_decor_slide_cut, abyss_entry_crystal,
          rand_demon_pan_entry_5, hell_entry

Skill      XL: |  1  2  3  4  5  6  7  8  9 10 11 12 13 14 15 16 17 18 19 20 21 22 23 24 25 |
---------------+----------------------------------------------------------------------------+-----
Fighting       | 1 2 3 5 7 8 9 10 11 12 13 14 15 16 17 18 19 20 | 20.0
Spellcasting   | 3 5 6 7 8 10 11 12 14 15 16 17 18 19 | 19.4
Shields        | 3 4 5 7 8 10 11 12 13 | 13.5
Dodging        | 4 7 8 10 11 12 13 14 15 16 17 18 | 18.1
Invocations    | 4 7 8 9 10 11 12 13 14 15 16 | 16.4
Armour         | 1 6 8 10 11 12 13 | 13.5
Long Blades    | 2 5 6 7 8 9 10 | 10.2
Unarmed Combat | 2 5 6 |  6.2
Stealth        | 3 5 |  5.0

Action                   |  1- 3 |  4- 6 |  7- 9 | 10-12 | 13-15 | 16-18 | 19-21 | 22-24 | 25-27 || total
-------------------------+-------+-------+-------+-------+-------+-------+-------+-------+-------++-------
Melee: Unarmed           |     5 |     9 |       |    14 |       |       |    11 |    12 |    36 ||    87
       Whip              |       |       |    36 |       |       |       |       |       |       ||    36
       Long sword        |       |       |       |    52 |       |       |       |       |       ||    52
       Double sword      |       |       |       |    12 |    46 |    64 |   143 |   176 |   130 ||   571
       Tailslap          |       |       |       |       |       |       |     1 |     1 |     8 ||    10
       Demon blade       |       |       |       |       |       |       |       |    87 |    71 ||   158
       Bite              |       |       |       |       |       |       |       |       |     4 ||     4
 Cast: Sting             |     8 |     4 |       |     5 |       |       |       |       |       ||    17
       Poisonous Vapours |    18 |    59 |    36 |    10 |     9 |    86 |    70 |    45 |    38 ||   371
       Ignite Poison     |       |     8 |    28 |    49 |   135 |   181 |   135 |   129 |    70 ||   735
       Olgreb's Toxic Ra |       |     3 |    17 |    66 |   156 |   177 |   106 |   117 |    68 ||   710
       Slow              |       |     1 |     5 |     1 |     2 |       |       |       |     2 ||    11
       Foxfire           |       |       |    63 |   142 |     1 |     5 |     1 |       |     6 ||   218
       Cause Fear        |       |       |     4 |     7 |       |       |       |     1 |       ||    12
       Summon Guardian G |       |       |       |     9 |       |       |       |     1 |       ||    10
       Hydra Form        |       |       |       |     2 |       |       |     1 |     1 |       ||     4
       Mephitic Cloud    |       |       |       |     1 |       |       |       |       |       ||     1
       Borgnjor's Vile C |       |       |       |       |    78 |    87 |    46 |    14 |     8 ||   233
       Freezing Cloud    |       |       |       |       |     1 |    18 |     8 |       |     5 ||    32
       Spellforged Servi |       |       |       |       |       |     1 |       |       |       ||     1
       Dragon Form       |       |       |       |       |       |       |     2 |     1 |     6 ||     9
       Monstrous Menager |       |       |       |       |       |       |     1 |     6 |     2 ||     9
       Summon Horrible T |       |       |       |       |       |       |       |     4 |     9 ||    13
       Fire Storm        |       |       |       |       |       |       |       |       |     1 ||     1
Invok: Recall Undead Sla |       |       |       |       |    13 |    18 |    15 |    16 |     2 ||    64
       Drain Life        |       |       |       |       |     1 |       |    11 |    21 |     2 ||    35
       Animate Dead      |       |       |       |       |     1 |       |       |       |       ||     1
       Stop Recall       |       |       |       |       |       |       |       |     1 |       ||     1
 Abil: Breathe Fire      |       |       |       |       |       |       |     1 |       |       ||     1
Evoke: Wand              |       |       |       |       |       |       |       |     1 |     3 ||     4
  Use: Scroll            |       |     7 |     5 |     9 |     6 |     3 |     3 |    11 |     6 ||    50
       Potion            |       |       |     1 |     5 |     1 |     1 |       |     1 |     1 ||    10
 Stab: Sleeping          |       |       |     2 |       |     1 |       |    10 |     4 |       ||    17
       Distracted        |       |       |       |       |     1 |       |     2 |     4 |       ||     7
       Paralysed         |       |       |       |       |       |       |     1 |     1 |       ||     2
Armor: Robe              |       |     1 |    16 |    71 |    19 |     5 |       |       |       ||   112
       Skin              |       |       |       |    14 |       |       |     9 |     2 |    29 ||    54
       Troll leather arm |       |       |       |       |       |    46 |    49 |   124 |    84 ||   303
Dodge: Dodged            |     5 |    15 |    47 |   128 |    62 |   181 |   163 |   393 |   278 ||  1272
Block: Buckler           |       |       |    11 |   100 |    19 |    31 |       |       |       ||   161
       Reflection        |       |       |       |     3 |       |    21 |    27 |    33 |       ||    84
       Other             |       |       |       |     2 |       |       |       |       |       ||     2
       Kite shield       |       |       |       |       |       |    49 |   125 |   264 |   160 ||   598
       Rpst.: Long sword |       |       |       |    21 |       |       |       |       |       ||    21
       Double sword      |       |       |       |     7 |    14 |    29 |    32 |    45 |    29 ||   156
       Demon blade       |       |       |       |       |       |       |       |    14 |    11 ||    25

Table legend: (Time is in decaauts)
 A = Elapsed time spent in this place.
 B = Non-inter-level travel time spent in this place.
 C = Inter-level travel time spent in this place.
 D = Time resting spent in this place.
 E = Time spent auto-exploring this place.
 F = Levels seen in this place.
 G = Mean time per level.
                   A        B        C        D        E       F      G
               +--------+--------+--------+--------+--------+-----+--------+
         Total |  69693 |  62213 |   7480 |   6316 |  45968 |  45 | 1548.7 |
       Dungeon |  25031 |  21780 |   3251 |   2538 |  16371 |  15 | 1668.7 |
        Temple |    129 |    121 |      8 |      0 |    102 |   1 |  129.0 |
          Lair |   9935 |   9178 |    757 |    917 |   7270 |   6 | 1655.8 |
        Shoals |   4623 |   4460 |    163 |    408 |   3233 |   4 | 1155.8 |
     Snake Pit |   4959 |   4458 |    501 |    506 |   3114 |   4 | 1239.8 |
  Orcish Mines |   3865 |   3376 |    489 |      0 |   3036 |   2 | 1932.5 |
   Elven Halls |   5048 |   4749 |    299 |    282 |   3582 |   3 | 1682.7 |
        Vaults |  10110 |   8581 |   1529 |   1086 |   5741 |   5 | 2022.0 |
        Depths |   5335 |   4856 |    479 |    542 |   3079 |   3 | 1778.3 |
        Bailey |    333 |    333 |      0 |     37 |    194 |   1 |  333.0 |
       Volcano |    319 |    319 |      0 |      0 |    246 |   1 |  319.0 |
               +--------+--------+--------+--------+--------+-----+--------+

Top non-repeatable levels by time:
   Orc:2: 2920 daAuts
    D:11: 2914 daAuts
Depths:1: 2383 daAuts
Vaults:4: 2344 daAuts
    D:13: 2273 daAuts
    D:15: 2222 daAuts
  Lair:6: 2194 daAuts
Vaults:5: 2183 daAuts
Vaults:2: 2112 daAuts
Depths:2: 2060 daAuts
    D:12: 1945 daAuts
   Elf:1: 1925 daAuts
Vaults:1: 1880 daAuts
     D:9: 1843 daAuts
  Lair:4: 1807 daAuts
